 Dungeon Crawl Stone Soup version 0.29.1-15-g9cfb28693d (webtiles) character file.

Game seed: 17567019383038238918

68567 KamiKatze the Eclecticist (level 14, -1/80 HPs)
             Began as a Deep Elf Conjurer on Apr 2, 2023.
             Was a High Priest of Vehumet.
             Slain by a boulder beetle (24 damage)
             ... on level 12 of the Dungeon on Apr 3, 2023.
             The game lasted 02:07:07 (26446 turns).

KamiKatze the Eclecticist (Deep Elf Conjurer)      Turns: 26446, Time: 02:07:07

Health: -1/80      AC:  8    Str:  6    XL:     14   Next: 87%
Magic:  2/35       EV: 14    Int: 29    God:    Vehumet [*****.]
Gold:   1711       SH:  5    Dex: 16    Spells: 10/44 levels left

rFire   . . .      SeeInvis +   a - +11 dagger of Departure {elec, rPois Str+2 Dex+3}
rCold   + . .      Faith    .   L - +0 buckler
rNeg    . . .      Spirit   .   o - +2 robe {Will+}
rPois   +          Reflect  .   S - +0 hat {SInv}
rElec   .          Harm     .   G - +1 cloak {rC+}
rCorr   +          Rampage  .   (no gloves)
Will    +++..                   J - +1 pair of boots
Stlth   ++++......              (no amulet)
HPRegen 0.23/turn               i - ring of willpower
MPRegen 0.24/turn               Q - ring of resist corrosion

@: no status effects
A: no striking features
a: Renounce Religion


You were on level 12 of the Dungeon.
You worshipped Vehumet.
Vehumet was extremely pleased with you.
You visited 4 branches of the dungeon, and saw 20 of its levels.
You also visited: Bailey, Gauntlet and Ice Cave.

You collected 1793 gold pieces.
You spent 82 gold pieces at shops.

Inventory:

Hand Weapons
 a - the +11 dagger of Departure (weapon) {elec, rPois Str+2 Dex+3}
   (You found it on level 7 of the Dungeon)

   It occasionally discharges a powerful burst of electricity upon striking a
   foe.
   Str:       It affects your strength (+2).
   Dex:       It affects your dexterity (+3).
   rPois:     It protects you from poison.
 u - a +2 vorpal spear
 w - the +8 spear of Taysanil {vorpal, Str+4}
   (You found it on level 12 of the Dungeon)

   It inflicts extra damage upon your enemies.
   Str:       It affects your strength (+4).
Missiles
 y - 12 poisoned darts (quivered)
 C - 5 curare-tipped darts
 O - 3 throwing nets
Armour
 o - a +2 robe of willpower (worn)
 p - a +2 robe of cold resistance
 x - a +2 robe of fire resistance
 G - a +1 cloak of cold resistance (worn)
 J - a +1 pair of boots (worn)
 L - a +0 buckler (worn)
 S - a +0 hat of see invisible (worn)
Magical Staves
 d - a staff of air
 n - a staff of earth
 r - a staff of cold
 X - a staff of fire
Jewellery
 i - a ring of willpower (left hand)
 q - a +6 ring of intelligence
 v - a ring of flight
 N - a ring of fire
 P - a ring of protection from cold
 Q - a ring of resist corrosion (right hand)
Wands
 z - a wand of mindburst (14)
 D - a wand of flame (34)
 F - a wand of iceblast (25)
 U - a wand of paralysis (4)
 V - a wand of polymorph (11)
Scrolls
 c - a scroll of fear
 e - a scroll of silence
 g - 7 scrolls of poison
 j - 10 scrolls of teleportation
 m - 2 scrolls of blinking
 s - 2 scrolls of butterflies
 H - 3 scrolls of magic mapping
 R - 3 scrolls of summoning
Potions
 b - 2 potions of magic
 f - 6 potions of haste
 h - 9 potions of brilliance
 k - 8 potions of might
 l - 3 potions of lignification
 t - a potion of attraction
 A - 2 potions of resistance
 B - 8 potions of heal wounds
 E - 3 potions of flight
 I - 2 potions of cancellation
 K - 10 potions of curing
 W - a potion of berserk rage
Miscellaneous
 M - a condenser vane (inert)
 Y - a phantom mirror


   Skills:
 + Level 6.3 Fighting
 - Level 3.0 Throwing
 - Level 6.0 Dodging
 - Level 9.0 Stealth
 - Level 4.0 Shields
 * Level 15.8 Spellcasting
 * Level 13.8 Conjurations
 - Level 11.5 Hexes
 - Level 10.0 Translocations
 * Level 5.6 Ice Magic
 + Level 6.6 Air Magic
 + Level 7.0 Earth Magic
 - Level 3.0 Evocations


You had 10 spell levels left.
You knew the following spells:

 Your Spells              Type           Power      Damage    Failure   Level
a - Magic Dart            Conj           100%       1d8       0%          1
b - Searing Ray           Conj           100%       2d8       0%          2
c - Fulminant Prism       Conj/Hex       38%        3d18      1%          4
d - Iskenderun's Mystic   Conj/Tloc      75%        2d15      1%          4
e - Lee's Rapid Deconstr  Erth           29%        3d16*     1%          5
f - Freezing Cloud        Conj/Ice/Air   32%        6-21      1%          5
g - Orb of Destruction    Conj           40%        9d11      2%          7
m - Mephitic Cloud        Conj/Pois/Air  58%        N/A       1%          3
t - Teleport Other        Tloc           69%        N/A       1%          3

Your spell library contained the following spells:

 Spells                   Type           Power      Damage    Failure   Level
 Poisonous Vapours        Pois/Air       84%        N/A       1%          2
 Static Discharge         Conj/Air       70%        3-12/arc  1%          2
 Dazzling Flash           Conj/Hex       100%       N/A       1%          3
 Gell's Gravitas          Tloc           69%        N/A       1%          3
 Inner Flame              Hex/Fire       54%        N/A       1%          3
 Lesser Beckoning         Tloc           69%        N/A       1%          3
 Portal Projectile        Hex/Tloc       100%       N/A       1%          3
 Tukima's Dance           Hex            74%        N/A       1%          3
 Airstrike                Air            28%        2d(5-21)  1%          4
 Cause Fear               Hex            37%        N/A       1%          4
 Sticky Flame             Conj/Fire      58%        2d7       1%          4
 Irradiate                Conj/Tmut      29%        3d21      1%          5
 Lightning Bolt           Conj/Air       35%        1d53      1%          5
 Manifold Assault         Tloc           69%        N/A       1%          5
 Beastly Appendage        Tmut           44%        N/A       2%          1
 Necrotise                Necr           88%        1d8       2%          1
 Anguish                  Hex/Necr       27%        N/A       2%          4
 Sublimation of Blood     Necr           22%        N/A       4%          2
 Wereblood                Tmut           22%        N/A       4%          2
 Petrify                  Tmut/Erth      43%        N/A       6%          4
 Summon Lightning Spire   Summ/Air       42%        N/A       7%          4
 Summon Mana Viper        Hex/Summ       54%        N/A       7%          5
 Dispersal                Tloc           34%        N/A       7%          6
 Spider Form              Tmut/Pois      22%        N/A       8%          3
 Summon Ice Beast         Ice/Summ       39%        N/A       9%          4
 Summon Forest            Summ/Tloc      25%        N/A       10%         5
 Corpse Rot               Necr/Pois/Air  35%        N/A       11%         4
 Dispel Undead            Necr           22%        3d12      26%         4
 Blade Hands              Tmut           11%        N/A       58%         5
 Simulacrum               Ice/Necr       19%        N/A       77%         6
 Discord                  Hex            37%        N/A       83%         8
 Maxwell's Capacitive Co  Air            28%        ∞         93%         8
 Disjunction              Tloc           34%        N/A       96%         8
 Summon Cactus Giant      Summ           11%        N/A       99%         6
 Monstrous Menagerie      Summ           11%        N/A       100%        7
 Chain Lightning          Conj/Air       35%        3d46      100%        9
 Fire Storm               Conj/Fire      29%        8d7       100%        9
 Polar Vortex             Ice            27%        N/A       100%        9
 Shatter                  Erth           29%        3d24*     100%        9


Dungeon Overview and Level Annotations

Branches:
Dungeon (12/15)            Temple (1/1) D:4            Lair (5/5) D:10
 Shoals (0/4) Lair:3       Spider (0/4) Lair:2        Slime (0/5) Lair:4
    Orc (2/2) D:11            Elf (0/3) Orc:2        Bailey (visited)
  IceCv (visited)         Gauntlet (visited)

Altars:
Ashenzari
Cheibriados
Dithmenos
Elyvilon
Fedhas
Gozag
Hepliaklqana
Kikubaaqudgha
Makhleb
Nemelex Xobeh
Okawaru
Qazlal
Ru
Sif Muna
Trog
Uskayaw
Vehumet
Wu Jian
Xom
Yredelemnul
Zin
The Shining One

Shops:
D:4 [   D:8 :   Orc:2 *(:=

Portals:
Hell: Lair:5

Annotations:
D:6 2 runed translucent doors, exclusion: 2 doors, Descartes's ghost, novice FeMo
D:9 dig/invisible wand
D:10 4 runed translucent doors, exclusion: 4 doors
Lair:1 3 runed translucent doors, exclusion: 3 doors, beigtais's ghost, journeyman SpHu
Lair:2 1 runed translucent door, exclusion: door, zalupaa's ghost, journeyman SpHu
Orc:1 1 runed translucent door, exclusion: door


Message History

Casting: Orb of Destruction (dangerous; 2% risk of failure)
Confirm with . or Enter, or press ? or * to list all spells.
Aiming: Orb of Destruction (dangerous; 2% risk of failure)
Press: ? - help, Shift-Dir - straight line, f/p - boulder beetle
Aim: a boulder beetle (severely wounded)
Your orb of destruction hits a metal wall.
The boulder beetle curls into a ball and begins rolling!
Unknown command.
Casting: Orb of Destruction (dangerous; 2% risk of failure)
Confirm with . or Enter, or press ? or * to list all spells.
Aiming: Orb of Destruction (dangerous; 2% risk of failure)
Press: ? - help, Shift-Dir - straight line, f/p - boulder beetle
Aim: a boulder beetle (severely wounded, rolling)
Casting: Orb of Destruction (dangerous; 2% risk of failure)
Confirm with . or Enter, or press ? or * to list all spells.
You erupt in a blast of force!
The mystic blast hits the boulder beetle!
The boulder beetle is almost dead.
The boulder beetle is knocked back by the mystic blast.
The boulder beetle hits you!!!
Ouch! That really hurt!
* * * LOW HITPOINT WARNING * * *
The boulder beetle stops rolling and uncurls.
There is a stone staircase leading up, spattered with blood here.
Unknown command.
Casting: Iskenderun's Mystic Blast (safe; 1% risk of failure)
Confirm with . or Enter, or press ? or * to list all spells.
You don't have enough magic to cast this spell.
Okay, then.
Aiming: Mindburst
Press: ? - help, Shift-Dir - straight line, f/p - boulder beetle
Aim: a boulder beetle (almost dead, chance to affect: 60%)
The boulder beetle resists with significant effort.
The boulder beetle completely misses you.
Unknown command.
Aiming: Mindburst
Press: ? - help, Shift-Dir - straight line, f/p - boulder beetle
Aim: a boulder beetle (almost dead, chance to affect: 60%)
The boulder beetle's mind is blasted!
The boulder beetle bites you!!
You die...

### ##.......###.#[####.# ##.##
#.......##.#.#.#.# #. #...#
#..>.#.###.#.#.#.#### ###...##
#....#.#.#.#.#.#.#.#. #......#
#.....#(#(#.#.#.#.#. #...<..#
##...................
#..>...####......#.#.#.#.#.#.#.
##.....##........#.#.#.#.#.#.#.
#.......(.....@..###.#.#.#.####
#.##...........B..##.#.#.#.# ..
##.........#.......###.#.###...
##........#........###.###....
#.....................°*.†...
#...............#.......°#...
###.##.....#######...........
#. .....>. #.##........ ......
###.^.......


You could see a boulder beetle.

Vanquished Creatures
  A reaper (IceCv)
  A minotaur (Gauntlet)
  Fannar (Lair:2)
  6 hydras
  3 boulder beetles (D:12)
  Harold (Orc:1)
  2 catoblepae
  3 two-headed ogres
  8 death yaks (Lair:5)
  A sixfirhy (Lair:5)
  An orange crystal statue (Gauntlet)
  A wizard (Lair:5)
  A swamp dragon (Lair:2)
  Pikel (D:7)
  An ugly thing (D:12)
  6 orc sorcerers (Orc:2)
  A manticore (D:12)
  2 cyclopes (D:12)
  An oklob plant (Lair:5)
  A merfolk siren (Lair:3)
  8 elephants
  3 ice statues
  A water nymph (shapeshifter) (D:12)
  Joseph (D:7)
  2 black mambas
  A minotaur zombie (Gauntlet)
  17 cane toads
  An orange demon (Lair:5)
  8 rime drakes
  12 komodo dragons
  An unseen horror (D:10)
  A freezing wraith (IceCv)
  7 ice devils
  A hellwing (Lair:5)
  2 burning bushes (Lair:5)
  3 polar bears
  6 trolls
  A hornet (D:8)
  A meliai (Lair:2)
  3 red devils (Lair:5)
  8 blink frogs
  5 slime creatures
  4 dream sheep (Lair:5)
  Sigmund (D:2)
  A shadow (D:11)
  7 wyverns
  3 wraiths
  A dire elephant simulacrum (IceCv)
  3 basilisks
  34 yaks
  4 death yak simulacra (IceCv)
  A redback (D:12)
  4 vampire mosquitoes (Lair:2)
  4 small abominations (Gauntlet)
  A steam dragon (D:9)
  A large abomination (Gauntlet)
  8 wargs
  2 acid dragons
  3 hell hounds (Lair:5)
  18 water moccasins
  12 orc warriors
  3 ice beasts
  A swamp drake (Lair:2)
  A sky beast (D:8)
  5 ogres
  4 boggarts (Lair:4)
  20 wolves
  4 centaurs
  3 lemures (D:7)
  2 phantoms
  9 bullfrogs
  3 gnoll sergeants
  6 scorpions
  A necrophage (D:4)
  3 two-headed ogre simulacra (IceCv)
  4 wights (D:7)
  3 elephant simulacra (IceCv)
  8 killer bees
  5 howler monkeys
  An electric eel (D:10)
  A jelly (D:6)
  2 hounds (D:6)
  15 orc priests
  A gnoll bouda (D:7)
  41 orc wizards
  Jessica (D:2)
  3 iguanas
  6 hell rats (Lair:5)
  A spriggan simulacrum (IceCv)
  2 troll simulacra (IceCv)
  A wolf simulacrum (IceCv)
  24 gnolls
  7 adders
  3 naga simulacra (IceCv)
  2 shadow imps
  17 white imps
  2 ufetubi (IceCv)
  3 worms
  A dart slug (D:4)
  92 orcs
  3 endoplasms
  4 giant cockroaches
  6 goblins
  7 hobgoblins
  2 jackals (D:1)
  A quokka (D:2)
  5 ball pythons
  8 bats
  2 frilled lizards
  13 kobolds
  8 rats
  A bush (Lair:5)
619 creatures vanquished.

Vanquished Creatures (others)
  A dream sheep (Lair:5)
  A bush (D:10)
  4 demonic plants (Gauntlet)
  350 fulminant prisms
  47 fungi
  46 plants
449 creatures vanquished.

Grand Total: 1068 creatures vanquished

Notes
Turn   | Place    | Note
-------+----------+-------------------------------------------
     0 | D:1      | KamiKatze the Deep Elf Conjurer began the quest for the
                  | Orb.
     0 | D:1      | Reached XP level 1. HP: 10/10 MP: 6/6
   203 | D:1      | Reached XP level 2. HP: 13/15 MP: 5/8
   207 | D:1      | Learned a level 2 spell: Searing Ray
   703 | D:2      | Reached XP level 3. HP: 19/19 MP: 1/10
   924 | D:2      | Noticed Sigmund
   930 | D:2      | Killed Sigmund
   931 | D:2      | Reached skill level 5 in Spellcasting
   931 | D:2      | Reached skill level 5 in Conjurations
   931 | D:2      | Reached XP level 4. HP: 16/24 MP: 5/13
   931 | D:2      | Reached XP level 5. HP: 19/28 MP: 5/15
  1009 | D:2      | Noticed Jessica
  1030 | D:2      | Killed Jessica
  1082 | D:1      | Learned a level 4 spell: Fulminant Prism
  1087 | D:1      | Learned a level 4 spell: Iskenderun's Mystic Blast
  1200 | D:2      | Found a faded altar of an unknown god.
  1840 | D:4      | Found a staircase to the Ecumenical Temple.
  1860 | Temple   | Entered the Ecumenical Temple
  2126 | D:4      | Reached XP level 6. HP: 32/32 MP: 11/16
  2208 | D:4      | Found Anypn's Armour Boutique.
  2229 | D:4      | Reached skill level 6 in Spellcasting
  2229 | D:4      | Reached skill level 1 in Hexes
  2229 | D:4      | Reached skill level 1 in Translocations
  2514 | D:4      | Reached XP level 7. HP: 36/36 MP: 11/18
  3215 | D:5      | Entered Level 5 of the Dungeon
  3226 | D:5      | Reached skill level 7 in Spellcasting
  3233 | D:5      | Reached skill level 1 in Evocations
  3410 | D:5      | Reached skill level 1 in Throwing
  3439 | D:5      | Reached XP level 8. HP: 41/41 MP: 13/21
  3675 | D:5      | Found a broken altar of Ashenzari.
  3923 | D:6      | Found a shadowy altar of Dithmenos.
  4128 | D:6      | Reached skill level 5 in Hexes
  4135 | D:6      | Found a large runed translucent door.
  4135 | D:6      | Found a large runed translucent door.
  4135 | D:6      | Noticed Descartes's ghost (novice FeMo)
  4235 | D:6      | Reached skill level 8 in Spellcasting
  5069 | D:7      | Found a glowing golden altar of the Shining One.
  5087 | D:7      | Noticed Joseph
  5091 | D:7      | Reached XP level 9. HP: 39/46 MP: 10/23
  5094 | D:7      | Reached skill level 5 in Translocations
  5304 | D:7      | You fall into a shaft and drop 2 floors!
  5322 | D:9      | Reached skill level 1 in Fighting
  5743 | D:8      | Reached skill level 9 in Spellcasting
  5860 | D:8      | Identified the +7 falchion of the Establishment {drain,
                  | +Blink}
  6107 | D:7      | Killed Joseph
  6319 | D:7      | Found a radiant altar of Vehumet.
  6324 | D:7      | Became a worshipper of Vehumet
  6329 | D:7      | Learned a level 3 spell: Portal Projectile
  6333 | D:7      | Learned a level 3 spell: Teleport Other
  6344 | D:7      | Identified the +11 dagger of Departure {elec, rPois Str+2
                  | Dex+3}
  6515 | D:7      | Noticed Pikel
  6519 | D:7      | Killed Pikel
  6520 | D:7      | Reached XP level 10. HP: 53/53 MP: 2/25
  7028 | D:8      | Found Coitategh's Vocational Training.
  7819 | D:9      | Reached * piety under Vehumet
  7819 | D:9      | Offered knowledge of Shock by Vehumet.
  7862 | D:9      | Reached skill level 1 in Shields
  7908 | D:9      | Reached skill level 5 in Dodging
  7908 | D:9      | Reached skill level 5 in Stealth
  7911 | D:9      | Reached skill level 10 in Spellcasting
  8390 | D:10     | Entered Level 10 of the Dungeon
  8519 | D:10     | Found a runed translucent door.
  8555 | D:10     | Found a flagged portal.
  8570 | Bailey   | Entered a bailey
  8951 | Bailey   | Reached ** piety under Vehumet
  8951 | Bailey   | Offered knowledge of Static Discharge by Vehumet.
  9394 | D:10     | Found a shimmering altar of Xom.
  9513 | D:10     | Found a runed translucent door.
  9524 | D:10     | Found a runed translucent door.
  9529 | D:10     | Found a staircase to the Lair.
  9537 | D:10     | Reached XP level 11. HP: 59/59 MP: 21/27
  9891 | D:10     | Offered knowledge of Mephitic Cloud by Vehumet.
  9896 | D:10     | Learned a level 3 spell: Mephitic Cloud
  9897 | D:10     | Identified the +2 great mace of Divine Defiance {freeze,
                  | +Blink rF+++ Str-4 Int-3}
 10080 | D:10     | Found a runed translucent door.
 10102 | D:10     | Found a stormy altar of Qazlal.
 10661 | D:11     | Noticed a four-headed hydra
 10735 | D:11     | Reached skill level 11 in Spellcasting
 10933 | D:11     | Reached *** piety under Vehumet
 11030 | D:11     | Killed a four-headed hydra
 11056 | D:11     | Noticed a two-headed ogre
 11064 | D:11     | Killed a two-headed ogre
 11065 | D:11     | Reached skill level 10 in Conjurations
 11065 | D:11     | Reached skill level 1 in Air Magic
 11065 | D:11     | Reached skill level 1 in Earth Magic
 11186 | D:11     | Found a staircase to the Orcish Mines.
 11651 | Lair:1   | Entered Level 1 of the Lair of Beasts
 11683 | Lair:1   | You fall into a shaft and drop 1 floor!
 11706 | Lair:2   | Noticed a four-headed hydra
 11711 | Lair:2   | Noticed a swamp dragon
 11720 | Lair:2   | Killed a four-headed hydra
 11720 | Lair:2   | Offered knowledge of Stone Arrow by Vehumet.
 11850 | Lair:1   | Found a runed translucent gate.
 11850 | Lair:1   | Found a runed translucent gate.
 11850 | Lair:1   | Found a runed translucent gate.
 11858 | Lair:1   | Noticed beigtais's ghost (journeyman SpHu)
 12611 | Lair:2   | Killed a swamp dragon
 12612 | Lair:2   | Reached skill level 10 in Hexes
 12883 | Lair:2   | Noticed Fannar
 12927 | Lair:2   | Killed Fannar
 12928 | Lair:2   | Reached XP level 12. HP: 50/65 MP: 18/29
 13112 | Lair:2   | Reached **** piety under Vehumet
 13206 | Lair:2   | Found a hole to the Spider Nest.
 13264 | Lair:2   | Found a runed translucent door.
 13264 | Lair:2   | Found a shimmering altar of Xom.
 13264 | Lair:2   | Noticed zalupaa's ghost (journeyman SpHu)
 14079 | Lair:2   | Reached skill level 12 in Spellcasting
 14337 | Lair:3   | Noticed a six-headed hydra
 14346 | Lair:3   | Killed a six-headed hydra
 14422 | Lair:3   | Found a gate leading to a gauntlet.
 14433 | Gauntlet | Entered a Gauntlet
 14433 | Gauntlet | Found a transporter.
 14433 | Gauntlet | Found a transporter.
 14442 | Gauntlet | Found a transporter.
 14445 | Gauntlet | Found a transporter.
 14462 | Gauntlet | Found a transporter.
 14466 | Gauntlet | Found a transporter.
 14479 | Gauntlet | Found a transporter.
 14494 | Gauntlet | Found a transporter.
 14498 | Gauntlet | Found a transporter.
 14518 | Gauntlet | Found a transporter.
 14533 | Gauntlet | Found a transporter.
 14537 | Gauntlet | Found a transporter.
 14705 | Gauntlet | Offered knowledge of Lee's Rapid Deconstruction by Vehumet.
 14718 | Gauntlet | Learned a level 5 spell: Lee's Rapid Deconstruction
 14996 | Gauntlet | Identified the +0 pair of gloves of Jigsaw {Harm Regen+
                  | rCorr}
 15108 | Gauntlet | Noticed a minotaur
 15129 | Gauntlet | Killed a minotaur
 15370 | Gauntlet | Identified the +9 quarterstaff "Tuuhul" {drain, rPois}
 15912 | Lair:3   | Noticed an eight-headed hydra
 15919 | Lair:3   | Killed an eight-headed hydra
 16172 | Lair:3   | Got Horysi Foki's Verses on the Dark Wayfarer
 16322 | Lair:3   | Found a staircase to the Shoals.
 16519 | Lair:4   | Found a staircase to the Slime Pits.
 16585 | Lair:4   | Reached XP level 13. HP: 71/71 MP: 27/31
 16634 | Lair:4   | Reached skill level 13 in Spellcasting
 16877 | Lair:4   | Reached skill level 10 in Translocations
 17459 | Lair:4   | Reached ***** piety under Vehumet
 17814 | Lair:5   | Entered Level 5 of the Lair of Beasts
 17895 | Lair:5   | Offered knowledge of Ozocubu's Refrigeration by Vehumet.
 18308 | Lair:5   | Reached skill level 5 in Fighting
 18466 | Lair:5   | Reached skill level 5 in Earth Magic
 18467 | Lair:5   | HP: 1/72 [catoblepas (24)]
 18704 | Lair:5   | Reached skill level 14 in Spellcasting
 18768 | Lair:5   | Reached skill level 5 in Air Magic
 19257 | Lair:5   | Learned a level 5 spell: Freezing Cloud
 19415 | Lair:5   | Reached XP level 14. HP: 78/78 MP: 30/34
 19419 | Lair:5   | Reached skill level 1 in Ice Magic
 19468 | Lair:5   | Offered knowledge of Olgreb's Toxic Radiance by Vehumet.
 20366 | Lair:5   | Reached skill level 15 in Spellcasting
 20732 | Lair:5   | Found a burning altar of Makhleb.
 20738 | Lair:5   | Found a gateway to Hell.
 21010 | Orc:1    | Entered Level 1 of the Orcish Mines
 21054 | Orc:1    | Noticed Harold
 21061 | Orc:1    | Killed Harold
 21178 | Orc:1    | Found a frozen archway.
 21276 | IceCv    | Entered an ice cave
 21593 | IceCv    | Noticed a reaper
 21602 | IceCv    | Killed a reaper
 22607 | Orc:1    | Found a runed translucent door.
 22608 | Orc:1    | Noticed a balrug
 22793 | Orc:2    | Entered Level 2 of the Orcish Mines
 22809 | Orc:2    | Offered knowledge of Iron Shot by Vehumet.
 23132 | Orc:2    | Found a staircase to the Elven Halls.
 24063 | Orc:2    | Found Osoqutil's Book Emporium.
 24063 | Orc:2    | Found Giex's Jewellery Shop.
 24376 | Orc:2    | Found Ufishron's General Store.
 24376 | Orc:2    | Found Equxkafeo's Weapon Shop.
 24382 | Orc:2    | Bought a scroll of magic mapping for 82 gold pieces
 24777 | D:12     | Reached skill level 5 in Ice Magic
 24898 | D:12     | Offered knowledge of Orb of Destruction by Vehumet.
 24909 | D:11     | Learned a level 7 spell: Orb of Destruction
 26071 | D:12     | Identified the +8 spear of Taysanil {vorpal, Str+4}
 26446 | D:12     | Slain by a boulder beetle

Illustrated notes

Levels and vault maps discovered:
D:1:      dpeg_arrival_simpleton_b, layout_rooms
D:2:      layout_basic, shapermc_ecumenical_altar_acropolis, uniq_jessica,
          uniq_sigmund
D:3:      minmay_spotlight, layout_rooms, kennysheep_generic_room_16
D:4:      layout_basic, minmay_temple_entry_arrows, serial_shops,
          kennysheep_little_box
D:5:      layout_rooms, kennysheep_mini, grunt_ministairs_4,
          nicolae_underground_beach
D:6:      layout_basic, nicolae_dithmenos_through_a_glass_darkly,
          ebering_ghost_disaster_area, grunt_decor_clamped
D:7:      layout_basic, vehumet_crystals, mainiacjoe_overflow_brackets,
          kennysheep_generic_room_14, uniq_joseph, uniq_pikel
D:8:      layout_gridville, nicolae_shop_vocational
D:9:      layout_roguey, unseen_surprise_small
D:10:     layout_basic, mainiacjoe_overflow_small_starburst,
          mainiacjoe_overflow_chevrons, minmay_lair_entry_grove, enter_bailey_2,
          nicolae_water_bricks, minmay_statue_crystal_thing
D:11:     layout_loops_ring, erik_orc_4
D:12:     minmay_the_grid_octo_tiled_octocenter [minmay_the_grid_octo_empty,
          minmay_the_grid_octo_teeth, minmay_the_grid_octo_fan_narrow,
          minmay_the_grid_octo_vomiting_pacman,
          minmay_the_grid_octo_prize_single_spiral,
          minmay_the_grid_square_5x5_half_checkered,
          minmay_the_grid_square_5x5_three_walls,
          minmay_the_grid_square_5x5_inset, minmay_the_grid_square_5x5_n],
          layout_cave_pools, minivault_16
Temple:   minmay_temple_bridge_d
Lair:1:   hellmonk_ruined_rings, layout_cave_pods, gammafunk_ghost_necromancy
Lair:2:   hellmonk_destroyed_diamonds, layout_layer_cave,
          hellmonk_spider_entry_not_the_bees, ebering_ghost_xom, pond,
          uniq_fannar
Lair:3:   layout_regular_city, minmay_shoals_entry_lonely_mermaid,
          gauntlet_entry_generic
Lair:4:   layout_cave_pods, slime_entry_1, chequers_serial_rivers_small_a,
          kilobyte_rumbling_trees, grunt_megastairs_2
Lair:5:   evil_forest, layout_regular_city, grunt_forest_small_clearings,
          st_stairs_9, evilmike_ambush [evilmike_ambush_outer_doors,
          evilmike_ambush_inner_pond], infiniplex_staircase_pool,
          grunt_megastairs_5
Orc:1:    dreamdust_dug_too_deep, layout_caves, portal_ice_cave_entry_imps,
          lemuel_statue_altar, uniq_harold
Orc:2:    st_orc_town, layout_diamond_mine, basic_altar

Skill      XL: |  1  2  3  4  5  6  7  8  9 10 11 12 13 14 |
---------------+-------------------------------------------+-----
Stealth        | 3 4 5 6 7 9 |  9.0
Dodging        | 3 4 5 6 |  6.0
Spellcasting   | 5 6 7 8 9 10 11 12 14 15 | 15.8
Conjurations   | 5 6 7 8 9 10 11 12 13 | 13.8
Hexes          | 2 4 5 7 8 10 11 | 11.5
Translocations | 2 3 4 6 7 8 9 10 | 10.0
Evocations     | 1 2 3 |  3.0
Throwing       | 1 2 3 |  3.0
Fighting       | 2 3 4 5 6 |  6.3
Shields        | 2 4 |  4.0
Air Magic      | 2 3 5 6 |  6.6
Earth Magic    | 2 3 5 7 |  7.0
Ice Magic      | 5 |  5.6

Action                   |  1- 3 |  4- 6 |  7- 9 | 10-12 | 13-15 || total
-------------------------+-------+-------+-------+-------+-------++-------
Melee: Dagger            |     4 |     9 |     2 |       |     8 ||    23
Throw: Dart              |       |     2 |     1 |       |       ||     3
 Cast: Magic Dart        |    46 |    32 |    40 |    23 |     3 ||   144
       Searing Ray       |     2 |    12 |    30 |    13 |     1 ||    58
       Fulminant Prism   |       |       |    31 |   158 |   161 ||   350
       Iskenderun's Myst |       |       |    21 |    82 |   107 ||   210
       Teleport Other    |       |       |       |     1 |       ||     1
       Lee's Rapid Decon |       |       |       |     4 |    45 ||    49
       Mephitic Cloud    |       |       |       |     1 |       ||     1
       Freezing Cloud    |       |       |       |       |    66 ||    66
       Orb of Destructio |       |       |       |       |    22 ||    22
Evoke: Wand              |       |       |       |       |     2 ||     2
       Condenser vane    |       |       |       |       |     1 ||     1
  Use: Scroll            |       |       |     7 |    23 |     4 ||    34
       Potion            |       |       |       |     3 |     1 ||     4
Armor: Robe              |     3 |     4 |     2 |     3 |    16 ||    28
Dodge: Dodged            |     8 |     7 |    28 |    36 |    48 ||   127
Block: Buckler           |       |       |       |     7 |    13 ||    20
